Cogmind - Beta 17 @@@ ROGUE MODE // 2026.06.23 @ 10:11:19 Player: f3-rnm Result: Destroyed by TZ-393(R) with Subdweller Machine Gun Performance ------------- Evolutions (0) 0 Regions Visited (2) 400 Robots Destroyed (22) 110 Value Destroyed (521) 521 Prototype IDs (1) 20 Alien Tech Used (0) 0 Bonus (5450) 5450 TOTAL SCORE: 6501 Bonus ------- Prayed to X0-1V1 5000 Major X0-1V1 Interference 450 Cogmind --------- Core Integrity 0/190 Matter 145/300 Energy 350/350 System Corruption 10% Temperature Cool (0) Movement Rolling (125) Ox3 Location -10/Subcaves Parts ------- > --- POWER (2) -------- Ion Engine Subdweller Power Source > --- PROPULSION (1) --- Wheel > --- UTILITY (2) ------ Large Storage Unit X0-1V1's Piety Tracker > --- WEAPON (2) ------- Subdweller Laser Subdweller Machine Gun > --- INVENTORY (15) --- Light Treads Compact Wheel Improved Flight Unit Improved Flight Unit Faulty Improved Flight Unit Improved Flight Unit Heat Sink Large Storage Unit Light EM Pulse Cannon Peak State ------------ > --- POWER ------------ Ion Engine > --- PROPULSION ------- Wheel > --- UTILITY ---------- Large Storage Unit X0-1V1's Piety Tracker > --- WEAPON ----------- Light EM Pulse Cannon Light EM Pulse Cannon Light EM Pulse Cannon > --- INVENTORY -------- Light Treads Compact Wheel Improved Flight Unit Improved Flight Unit Improved Flight Unit Improved Flight Unit Heat Sink Large Storage Unit EM Pulse Gun Light EM Pulse Cannon Light Assault Rifle Grenade Launcher Subdweller Shrapnel Launcher [Rating: 24] Favorites ----------- Power Ion Engine Engine Ion Engine Propulsion Light Treads Treads Light Treads Wheel Wheel Utility Large Storage Unit Device X0-1V1's Piety Tracker Storage Large Storage Unit Weapon Light EM Pulse Cannon Energy Gun EM Pulse Gun Energy Cannon Light EM Pulse Cannon Ballistic Gun Light Assault Rifle Launcher Grenade Launcher Build | -11 -10 -10 ------- Run | Yrd Mat Sub Slots Evolved . | . . . Power . | . . . Propulsion . | . . . Utility . | . . . Weapon . | . . . Parts Attached 24 | 6 4 14 Power 3 | 1 . 2 Engine 3 | 1 . 2 Core . | . . . Reactor . | . . . Propulsion 4 | 2 . 2 Treads 3 | 2 . 1 Leg . | . . . Wheel 1 | . . 1 Hover . | . . . Flight . | . . . Utility 4 | 1 2 1 Device 2 | . 1 1 Storage 2 | 1 1 . Processor . | . . . Hackware . | . . . Protection . | . . . Artifact . | . . . Weapon 13 | 2 2 9 Energy Gun 3 | 1 . 2 Energy Cannon 4 | . . 4 Ballistic Gun 4 | 1 1 2 Ballistic Cannon . | . . . Launcher 2 | . 1 1 Special Weapon . | . . . Impact Weapon . | . . . Slashing Weapon . | . . . Piercing Weapon . | . . . Special Melee Weapon . | . . . Unidentified Prototypes 1 | . 1 . Corrupted Parts 2 | . . 2 System Corruption 10 | . . 10 Parts Lost 10 | . 1 9 Power 1 | . . 1 Propulsion 2 | . . 2 Utility 1 | . . 1 Weapon 6 | . 1 5 Highest Loss Streak 3 | . 1 3 To Critical Strikes . | . . . Average Backups 10 | 2 7 12 Power . | . 1 . Propulsion 5 | . 3 6 Utility 1 | . . 1 Weapon 3 | . 2 4 Tool/Special . | . . . Unused Backups 7 | . . 7 Power . | . . . Propulsion 5 | . . 5 Utility 2 | . . 2 Weapon . | . . . Tool/Special . | . . . Average Slot Usage (%) 94 | . 83 98 Engine 15 | . 14 16 Treads 12 | . 28 6 Wheel 7 | . . 10 Device 9 | . . 13 Storage 14 | . 14 14 Energy Gun 9 | . 14 7 Energy Cannon 16 | . . 22 Ballistic Gun 5 | . 11 3 Launcher 1 | . . 1 Peak Build Rating 24 | 6 21 24 Average Rating 17 | 4 6 22 On Entrance 9 | . 6 21 Avg Prop Armor Cover (%) 12 | . . 12 Naked Turns . | . . . Heaviest Build 43 | 13 33 43 Greatest Support 40 | 40 40 40 Greatest Overweight (x) 4 | . . 4 Average Overweight (x) 1 | . . 2 Largest Inventory Capacity 15 | 8 15 15 Average Capacity 13 | 6 11 15 Most Carried 15 | 4 15 15 Average Carried 11 | 2 7 12 Final Capacity 15 | 8 15 15 Final Carried 15 | 4 15 9 Class Distribution -------------------- 61% | Mutant 38% | Gunner Dominant Class ---------------- Mutant | -10/Materials Gunner | -10/Subcaves Resources | -11 -10 -10 ----------- Run | Yrd Mat Sub Matter Collected 378 | 183 81 114 Remotely . | . . . Salvage Created 632 | . 241 391 Parts 33 | . 11 22 Haulers Intercepted 1 | . 1 . Recyclers Shooed . | . . . Parts Field Recycled . | . . . Retrieved Matter . | . . . Parts Self-Destructed 11 | . . 11 Prevented . | . . . Parts Restored . | . . . Kills | -11 -10 -10 ------- Run | Yrd Mat Sub Combat Hostiles Destroyed 20 | . 8 12 Guns 2 | . 1 1 Cannons 5 | . . 5 AOE 11 | . 7 4 Classes Destroyed 6 | . 4 2 Worker 1 | . 1 . Hauler 1 | . 1 . Swarmer 9 | . 3 6 Grunt 5 | . 5 . Sentry 1 | . . 1 Subdweller 5 | . . 5 Best Kill Streak 5 | . 4 5 Combat Bots Only 5 | . 4 5 Max Kills in Single Turn 3 | . 3 2 Gunslinging . | . . . Exploded 3 | . 3 2 Melee . | . . . Uniques/NPCs Destroyed . | . . . Combat | -11 -10 -10 -------- Run | Yrd Mat Sub Hostile Shots Fired 84 | . 30 54 Missed 22 | . 7 15 Hits 62 | . 23 39 Projectile 62 | . 23 39 AOE 3 | . . 3 Damage Taken 1365 | . 385 980 Core 257 | . 68 189 Absorbed by Shields . | . . . Core Remaining (%) 100 | 100 . . Volleys Fired 77 | . 22 55 Largest 3 | . 2 3 Hottest 168 | . 60 168 Shots Fired 122 | . 34 88 Gun 68 | . 25 43 Cannon 40 | . . 40 Launcher 14 | . 9 5 Special . | . . . Kinetic 42 | . 12 30 Thermal 5 | . . 5 Explosive 11 | . 9 2 Electromagnetic 64 | . 13 51 Robot Hit Streak 17 | . 8 17 Robot Miss Streak 4 | . 4 2 Penetration Max . | . . . Secondary Targets . | . . . Shots Hit Robots 70 | . 20 50 Core Hits 38 | . 22 16 Critical Kills . | . . . Critical Parts Destroyed . | . . . Critical Strikes 3 | . 1 2 Corrupt 3 | . 1 2 Melee Attacks . | . . . Impact . | . . . Slashing . | . . . Piercing . | . . . Sneak Attacks . | . . . Combat Hostiles . | . . . Follow-up Attacks . | . . . Damage Inflicted 1757 | . 723 1034 Guns 463 | . 186 277 Cannons 545 | . . 545 Explosions 749 | . 537 212 Melee . | . . . Ramming . | . . . Kinetic 222 | . 69 153 Thermal 144 | . 46 98 Explosive 610 | . 491 119 Electromagnetic 781 | . 117 664 Impact . | . . . Slashing . | . . . Piercing . | . . . Highest Corruption 10 | . . 10 Average Corruption 9 | . . 9 Corruption Purged . | . . . Corruption Blocked . | . . . Effects 4 | . . 4 Message Errors 1 | . . 1 Matter Fused 1 | . . 1 Heat Flow Errors 1 | . . 1 Data Loss (major) 1 | . . 1 Overload Shots . | . . . Overflow Damage 21 | . . 21 Projectiles 9 | . . 9 Explosions 12 | . . 12 Melee . | . . . Knockbacks . | . . . Impact . | . . . Kinetic . | . . . Secondary . | . . . Self-Inflicted Damage 28 | . 2 26 Shots 2 | . 1 1 Rammed . | . . . Targets Rammed . | . . . Kicked . | . . . Crushed . | . . . Highest Temperature 107 | . 40 107 Average Temperature 32 | . 17 44 Received Heat Transfer 216 | . 120 96 Siege Activations . | . . . Martial Activations . | . . . Shielding Activations . | . . . Robots Disrupted . | . . . Combat Hostiles . | . . . Robots Corrupted 2 | . . 2 Combat Hostiles 2 | . . 2 Parts Fried 10 | . . 10 Impact Corruptions . | . . . Robots Melted . | . . . Combat Hostiles . | . . . Parts Melted . | . . . Heat Transferred 225 | . 50 175 Parts Sabotaged . | . . . Parts Stolen . | . . . Parts Stripped . | . . . Power Chain Reactions 2 | . 1 1 Alert | -11 -10 -10 ------- Run | Yrd Mat Sub Maximum Alert Level . | . . . Low Security (%) 100 | 100 100 . Level 1 . | . . . Level 2 . | . . . Level 3 . | . . . Level 4 . | . . . Level 5 . | . . . High Security . | . . . Max Security . | . . . Peak Influence 157 | . 157 . Initial . | . . . Average 58 | . 68 . Influence Increases 384 | . 234 150 Destroy 0b10 Robot/C 300 | . 160 140 Destroy 0b10 Robot/NC 10 | . 10 . Destroy Leader 42 | . 32 10 Destroy Structure 32 | . 32 . Influence Decreases 384 | . 234 150 Time Decay 334 | . 224 110 Lost Part 50 | . 10 40 Squads Dispatched 2 | . 2 . Investigation . | . . . Extermination . | . . . Reinforcement 2 | . 2 . Assault . | . . . Garrison . | . . . Intercept . | . . . Searches Triggered . | . . . Construction Impeded . | . . . Haulers Reinforced . | . . . Active Scanning Responses . | . . . Cargo Convoy Interrupts . | . . . Stealth | -11 -10 -10 --------- Run | Yrd Mat Sub Distress Signals . | . . . Communications Jammed . | . . . Distress Signals . | . . . Times Spotted 28 | . 12 16 Peak Tracking Total 4 | . 4 3 Tactical Retreats 1 | . . 1 Traps | -11 -10 -10 ------- Run | Yrd Mat Sub Traps Triggered 3 | . 1 2 Indirectly . | . . . Trap Hack Attempts . | . . . Triggered . | . . . Disarmed . | . . . Reprogrammed . | . . . Reused . | . . . Traps Extracted . | . . . Installed . | . . . Triggered . | . . . Machines | -11 -10 -10 ---------- Run | Yrd Mat Sub Machines Disabled . | . . . Max in Single Turn . | . . . Machines Repaired . | . . . Machines Dismantled . | . . . Machines Sabotaged . | . . . Overloaded Fab Kills . | . . . Hacking | -11 -10 -10 --------- Run | Yrd Mat Sub Machines Accessed 2 | . . 2 Terminals . | . . . Fabricators . | . . . Repair Stations . | . . . Recycling Units . | . . . Scanalyzers . | . . . Garrison Access . | . . . Total Hacks 5 | . . 5 Successful 5 | . . 5 Failed . | . . . Catastrophic . | . . . Database Lockouts . | . . . Manual 1 | . 1 . Terminals . | . . . Fabricators . | . . . Repair Stations . | . . . Recycling Units . | . . . Scanalyzers . | . . . Garrison Access . | . . . Terminal Hacks 5 | . . 5 Record 4 | . . 4 Open Door 1 | . . 1 Fabricator Hacks . | . . . Repair Station Hacks . | . . . Recycling Unit Hacks . | . . . Scanalyzer . | . . . Garrison Access Hacks . | . . . Unauthorized Hacks . | . . . Terminals . | . . . Fabricators . | . . . Repair Stations . | . . . Recycling Units . | . . . Scanalyzers . | . . . Garrison Access . | . . . Data Cores Recovered . | . . . Used . | . . . Hacking Detections . | . . . Full Trace Events . | . . . Feedback Events . | . . . Feedback Blocked . | . . . Robot Schematics Acquired . | . . . Robots Built . | . . . Authchips . | . . . Time . | . . . Total Robot Build Rating . | . . . Part Schematics Acquired . | . . . Parts Built . | . . . Authchips . | . . . Time . | . . . Total Part Build Rating . | . . . Part Studies Acquired . | . . . Parts Repaired . | . . . Time . | . . . Parts Recycled . | . . . Recycled Matter . | . . . Retrieved Matter . | . . . Retrieved Components . | . . . Parts Scanalyzed . | . . . Part Schematics Acquired . | . . . Parts Damaged . | . . . Bothacking | -11 -10 -10 ------------ Run | Yrd Mat Sub Used RIF Installer . | . . . Robots Hacked . | . . . Non-combat . | . . . Combat . | . . . Robot Hacks Applied . | . . . Relay Couplers Released . | . . . Fabnet Peak Effective % . | . . . Robots Rewired . | . . . Allies Hacked . | . . . Hacks Repelled . | . . . Allies | -11 -10 -10 -------- Run | Yrd Mat Sub Total Allies . | . . . Largest Group . | . . . Highest-Rated Group . | . . . Highest-Rated Ally . | . . . Total Orders . | . . . Ally Attacks . | . . . Total Damage . | . . . Kills . | . . . Allies Corrupted . | . . . Allies Melted . | . . . X0-1V1 Amusement Gains 32 | . 12 20 Good Acts 4 | . . 4 Bad Acts 8 | . . 8 Intel | -11 -10 -10 ------- Run | Yrd Mat Sub Active Infowar (turns) . | . . . Robot Analysis Total . | . . . Derelict Logs Recovered 3 | . . 3 Drone Launches . | . . . Drone Recoveries . | . . . Exploration | -11 -10 -10 ------------- Run | Yrd Mat Sub Turns Passed 2135 | 93 543 1499 Spaces Moved 1310 | 53 264 993 Core 3 | 3 . . Treads 498 | 50 264 184 Legs . | . . . Wheels 809 | . . 809 Hover . | . . . Flight . | . . . Fastest Speed 50 | 50 160 110 Average Speed 138 | 153 160 131 Slowest Speed 240 | 160 160 240 Overloaded Moves . | . . . Propulsion Burnouts . | . . . Robots Hopped . | . . . Potential Cave-ins . | . . . Cave-ins Triggered . | . . . Exploration Rate (%) 32 | 3 46 47 Regions Visited 2 Branch Regions 1 Pre-discovered Areas 1 | . . 1 Known Exits Taken . | . . . Unknown Exits Taken 2 | 1 1 . Scrap Searched . | . . . Spaces Dug . | . . . Terrain Destroyed 100 | . 42 58 Melee . | . . . Projectile . | . . . AOE 100 | . 42 58 Terrain Rammed . | . . . Walls Destroyed . | . . . Machines Disabled . | . . . Actions | -11 -10 -10 --------- Run | Yrd Mat Sub Total 1522 | 62 352 1108 Wait 77 | . 47 30 Move 1308 | 52 263 993 Hop . | . . . Pick Up 24 | 4 12 8 Fast Attach 9 | 6 2 1 Attach 15 | . 2 13 Detach 1 | . 1 . Swap 7 | . 2 5 Drop 4 | . 1 3 Fire 77 | . 22 55 Melee . | . . . Ram . | . . . Kick . | . . . Crush . | . . . Escape Stasis . | . . . Rewire . | . . . Trap . | . . . Miscellaneous . | . . . Route ------- -11/Scrapyard -10/Materials (discovered 3 exits: [*Mat] / [*Min] / *Sub) -10/Subcaves (discovered 3 exits: *Mat x2 / [*Scr]) History --------- Turn | Location | Event 8 | -11/Scrapyard | Discovered new exit (range 15) 94 | -11/Scrapyard | Entered Materials 201 | -10/Materials | Discovered new exit (range 9) 306 | -10/Materials | Build established: Mutant 572 | -10/Materials | Discovered new exit (range 15) 618 | -10/Materials | Discovered new exit (range 4) 634 | -10/Materials | Prayed at D.C.S.S. Altar Unit 637 | -10/Materials | Entered Subcaves 638 | -10/Subcaves | Approached by a straggling Scientist 656 | -10/Subcaves | Learned location of Zion (-6) 952 | -10/Subcaves | Core integrity fell below 50% 968 | -10/Subcaves | Melee accuracy permanently improved by X0-1V1 (+6%) 999 | -10/Subcaves | A swath of the cavern ceiling suddenly collapsed 1031 | -10/Subcaves | X0-1V1 mutated your Propulsion slot to Weapon slot 1092 | -10/Subcaves | A swath of the cavern ceiling suddenly collapsed 1237 | -10/Subcaves | Learned Materials emergency access door positions 1242 | -10/Subcaves | Discovered new exit (range 5) 1314 | -10/Subcaves | Identified exit to Materials 1314 | -10/Subcaves | X0-1V1 revealed exit location to -8/Materials 1326 | -10/Subcaves | Build established: Gunner 1464 | -10/Subcaves | X0-1V1 sent hostile S-10 Pest (x3) 1523 | -10/Subcaves | Visited Clippyterm 1527 | -10/Subcaves | Learned Factory garrison access intel 1699 | -10/Subcaves | Lost 3 parts (3w) 1837 | -10/Subcaves | Learned Materials stockpile data 1867 | -10/Subcaves | X0-1V1 mutated your Weapon slot to Power slot 2057 | -10/Subcaves | System corruption reached 10% 2099 | -10/Subcaves | Disturbed a concealed Subdweller 2100 | -10/Subcaves | Ambushed by Subdweller buried in earth 2131 | -10/Subcaves | Core integrity fell below 20% 2136 | -10/Subcaves | Destroyed by TZ-393(R) with Subdweller Machine Gun Last Messages --------------- 01874_ Subatomizers dissect the Corrupted Sub. Monowheel. 01888_ Discarded Lgt. Assault Rifle. 01993_ X0-1V1 is getting bored... 02044_ Discarded EM Pulse Gun. 02044_ Integrated Corrupted Sub. Laser (+5). 02044_ Corrupted Sub. Laser temporarily disabled. 02056_ Dropped Lgt. EM Pulse Cannon. 02056_ Integrated Corrupted Sub. Shrapnel Launcher (+5). 02056_ Complication: Energy sink damages Corrupted Sub. Shrapnel Launcher (-23). 02057_ Acquired Lgt. EM Pulse Cannon. 02062_ System corrupted: Matter fused (-8). 02081_ System corrupted: Substantial component data lost. 02098_ System corrupted: Heat flow error (+122). 02099_ 9R-TSX(R) angrily emerges from the Twisted Machinery. 02101_ TZ-393(R): "HIDIE!" 02102_ Sub. Shrapnel Launcher destroyed. 02116_ Acquired Sub. Machine Gun. 02127_ V&2ETNKTU0M KXNHQ|PCVBQCWDITMH4K5%2RHNU 02136_ X0-1V1 howls with laughter! Map ----- +----------------------------------------------------+ | ????????????????????????????# #?????????????????? | | ????????????????????????????####?????????????????? | | ?????????????????????????????????????????????????? | | ?????????????????????????????????????????????????? | | ?????????????????????????????????????????????????? | | ?????????????????????????????????????????????????? | | ?????????????????????????????????????????????????? | | ?????????????????????????????????????????????????? | | ?????????????????????????????????????????????????? | | ????????????????####?????????????????????????????? | | ???????????????## ##???????????????????????????? | | ??????????????## """""???????????????????????????? | | ??????????????# " $$#??????????????????????????? | | ??????????????# & "##?????????????????????????? | | ??????????????# #?????????????????????????? | | ??????????????# " #?????????????????????????? | | ??????????###??#" "#?????????????????????????? | | ?????????## ####" ##??????????#?????????????? | | ?????????# " ##???????? ##????????????? | | ????????##" #??????? #????????????? | | #?#######"""## ##????### #????????????? | | ###"""" "#"###### ##????? ### ???????? | | # " """#"#???# ## #????? ???????? | | #""#???# ##???# #?????????? | | # "" "##""#???## #### #??????????? | | # #" " # ##????# R@ #???????????? | | ## #""# #??# # # ### #???????????? | | #""#""##"#? #?####### #????????????????? | | #"##### ""??##???????## ## #??????????? | | #?????####???????????### ##?# #???????? | | " ??????#???????????????###???# ## ???????? | | ""#?????????????????????????????###???###????????? | | ###??????????????????????????????????????????????? | | ?????????????????????????????????????????????????? | | ?????????????????????????????????????????????????? | | ?????????????????????????????????????????????????? | | ?????????????????????????????????????????????????? | | ?????????????????????????????????????????????????? | | ?????????????????????????????????????????????????? | | ?????????????????????????????????????????????????? | | ?????????????????????????????????????????????????? | | ?????????????????????????????????????????????????? | | ?????????????????????????????????????????????????? | | ?????????????????????????????????????????????????? | | ?????????????????????????????????????????????????? | | ?????????????????????????????????????????????????? | | ?????????????????????????????????????????????????? | | | | | | | +----------------------------------------------------+ Best States ------------- Heat Dissipation 25 Energy Generation 20 Energy Capacity 350 Matter Stores 300 Matter Capacity 300 Sight Range 19 Terrain Scan Density 10 Evasion (%) 40 Recoil Reduction 2 Item Schematics ----------------- None Robot Schematics ------------------ None Fabricated ------------ Nothing Repaired ---------- Nothing Studied --------- None Alien Tech Used ----------------- None Achievements -------------- None Challenges ------------ None Game ------ Seed TripodPlatingMegashotty Manual? 0 Play Time 00:12:02 Cumulative 527.6 hours Start 2026.06.23 @ 10:00:19 End 2026.06.23 @ 10:11:19 Sessions 1 Manual Loads 0 Difficulty Rogue Special Mode None Game No. 444 Rogue 408 Adventurer 36 Explorer 0 Win Type - Total 24 Types 9/0/13/0/0/1/1/0/0/0 Lore% 73 Gallery% 85 Achievement% 72 Wizard Run 0 Options --------- Layout 0 ASCII 0 Keyboard 0 Movement Mouse Keybinds 0 Fullscreen 1 Font 18/SmallcapsGlow Map View 76x50 Zoom Use 0% Tactical HUD 1 Map Filters NONE Filters NONE Steam 1 RUN: 252293ee-b679-4d13-8cc9-102f9e63c338